 Dungeon Crawl Stone Soup version 0.27.1-1-g398f81649c (webtiles) character file.

Game seed: 1032848061870573550

15346 BOMJPIETVODKU the Frost Mage (level 12, -4/91 HPs)
             Began as a Gnoll Ice Elementalist on Sept 6, 2021.
             Was a High Priest of Cheibriados.
             Slain by an orc knight (38 damage)
             ... on level 2 of the Orcish Mines.
             The game lasted 00:41:48 (13436 turns).

BOMJPIETVODKU the Frost Mage (GnIE)                Turns: 13436, Time: 00:41:52

Health: -4/91      AC: 14    Str: 22    XL:     12   Next: 26%
Magic:  4/24       EV: 19    Int: 42    God:    Cheibriados [*****.]
Gold:   837        SH:  0    Dex: 25    Spells: 12/28 levels left

rFire    + + .     SeeInvis .   f - +3 Elemental Staff {rElec rF++ rC++ Will++ AC+5}
rCold    + + .     Faith    .   (no shield)
rNeg     . . .     Spirit   .   E - +0 steam dragon scales
rPois    .         Reflect  .   (no helmet)
rElec    +         Harm     .   (no cloak)
rCorr    .         Rampage  .   w - +0 pair of gloves
Will     +++..                  A - +0 pair of boots
Stlth    ++++......             (no amulet)
HPRegen  0.25/turn              i - ring "Rusutrum" {Drain Will+ Int+4 Slay+4}
MPRegen  0.19/turn              n - +6 ring of intelligence

@: wereblooded, forested, freezing walls, very slow
A: fangs 1, strong nose, distributed training
a: Renounce Religion, Bend Time, Temporal Distortion, Slouch, Step From Time


You were on level 2 of the Orcish Mines.
You worshipped Cheibriados.
Cheibriados was extremely pleased with you.
You visited 3 branches of the dungeon, and saw 13 of its levels.

You collected 2059 gold pieces.
You spent 1222 gold pieces at shops.

Inventory:

Hand Weapons
 f - the +3 Elemental Staff (weapon) {rElec rF++ rC++ Will++ AC+5}
   (You acquired it on level 4 of the Dungeon)

   If the wielder is skilled in Evocations, they can discharge powerful blasts
   of elemental energy when striking with it.
   It enhances your fire, ice, earth and air magic.
   AC:        It affects your AC (+5).
   rF:        It greatly protects you from fire.
   rC:        It greatly protects you from cold.
   rElec:     It insulates you from electricity.
   Will:      It greatly increases your willpower.
 o - a +2 short sword of draining
Missiles
 e - 4 atropa-tipped darts
 s - 41 poisoned darts (quivered)
Armour
 a - a +0 troll leather armour
 w - a +0 pair of gloves (worn)
 A - a +0 pair of boots (worn)
 E - +0 steam dragon scales (worn)
Jewellery
 g - a ring of willpower
 i - the ring "Rusutrum" (left hand) {Drain Will+ Int+4 Slay+4}
   (You bought it in a shop on level 9 of the Dungeon)

   [ring of slaying]

   Int:       It affects your intelligence (+4).
   Slay:      It affects your accuracy & damage with ranged weapons and melee
   (+4).
   Drain:     It drains your maximum health when unequipped.
   Will:      It increases your willpower.
 k - a ring of poison resistance
 n - a +6 ring of intelligence (right hand)
 y - a +4 ring of protection
Wands
 x - a wand of iceblast (14)
 B - a wand of flame (13)
 F - a wand of paralysis (6)
 G - a wand of charming (4)
 K - a wand of acid (4)
Scrolls
 j - 2 scrolls of noise
 q - 2 scrolls of enchant armour
 t - a scroll of torment
 u - 5 scrolls of teleportation
 z - 3 scrolls of fog
Potions
 b - 3 potions of cancellation
 c - a potion of heal wounds
 d - 4 potions of ambrosia
 l - a potion of invisibility
 m - 2 potions of degeneration
 p - 2 potions of resistance
 r - 3 potions of curing
 D - a potion of brilliance {unknown}
 H - 3 potions of flight
 I - 2 potions of magic
 J - 2 potions of lignification {unknown}


   Skills:
 + Level 7.1 Fighting
 + Level 7.1 Short Blades
 + Level 7.1 Long Blades
 + Level 7.1 Axes
 + Level 7.1 Maces & Flails
 + Level 7.1 Polearms
 + Level 7.1 Staves
 + Level 7.1 Slings
 + Level 7.1 Bows
 + Level 7.1 Crossbows
 + Level 7.1 Throwing
 + Level 7.1 Armour
 + Level 8.5 Dodging
 + Level 8.3 Stealth
 + Level 7.1 Shields
 + Level 7.1 Unarmed Combat
 + Level 8.8 Spellcasting
 + Level 5.9 Conjurations
 + Level 5.9 Hexes
 + Level 5.9 Summonings
 + Level 5.9 Necromancy
 + Level 5.9 Translocations
 + Level 5.9 Transmutations
 + Level 5.9 Fire Magic
 + Level 9.3 Ice Magic
 + Level 5.9 Air Magic
 + Level 5.9 Earth Magic
 + Level 5.9 Poison Magic
 + Level 7.8 Invocations
 + Level 7.1 Evocations


You had 12 spell levels left.
You knew the following spells:

 Your Spells              Type           Power      Damage    Failure   Level
a - Freeze                Ice            100%       1d11      1%          1
b - Frozen Ramparts       Ice            100%       1d12      1%          3
c - Ozocubu's Armour      Ice            98%        N/A       1%          3
d - Wereblood             Tmut           62%        N/A       1%          2
e - Slow                  Hex            62%        N/A       1%          2
f - Summon Forest         Summ/Tloc      31%        N/A       4%          5

Your spell library contained the following spells:

 Spells                   Type           Power      Damage    Failure   Level
 Beastly Appendage        Tmut           100%       N/A       1%          1
 Confusing Touch          Hex            62%        N/A       1%          3
 Spider Form              Tmut/Pois      31%        N/A       1%          3
 Hailstorm                Conj/Ice       89%        3d18      1%          4
 Summon Mana Viper        Hex/Summ       62%        N/A       4%          5
 Yara's Violent Unravell  Hex/Tmut       31%        3d13      4%          5
 Shadow Creatures         Summ           N/A        N/A       24%         6


Dungeon Overview and Level Annotations

Branches:
Dungeon (10/15)            Temple (1/1) D:7            Lair (0/6) D:10
    Orc (2/2) D:10            Elf (0/3) Orc:2

Altars:
Ashenzari
Cheibriados
Dithmenos
Elyvilon
Gozag
Hepliaklqana
Kikubaaqudgha
Uskayaw
Vehumet
Wu Jian
Xom
Yredelemnul

Shops:
D:9 =   D:10 (   Orc:1 !   Orc:2 [


Innate Abilities, Weirdness & Mutations

You have very sharp teeth.
Your uncanny sense of smell can sniff out nearby items.
Your experience applies equally to all skills.


Message History

Confirm with . or Enter, or press ? or * to list all spells.
A forested plane collides here with a resounding crunch!
Your dryad calls out to the forest.
The forest starts to sway and rumble!
The orc knight closely misses you.
The orc knight roars a battlecry!
The orc priest goes into a battle-frenzy!
The orc knight hits you with a +0 long sword.
The orc priest mumbles some strange prayers to Beogh against you.
Beogh smites you!
Casting: Summon Forest (dangerous; 4% risk of failure)
Confirm with . or Enter, or press ? or * to list all spells.
Casting: Frozen Ramparts (safe; 1% risk of failure)
Press: ? - help, Dir - look around, f - activate You feel a surge of power!
The walls around you are covered in ice.
A tree reaches out and hits the orc knight!
A root smacks the orc priest from below!
The orc priest dies!
Cheibriados appreciates the change of pace.
The orc knight no longer looks unusually strong.
The wall freezes the orc knight!
The orc knight closely misses you.
The wall freezes the orc knight.
The orc knight misses you.
The wall freezes the orc knight.
The orc knight hits you with a +0 long sword!!
The wall freezes the orc high priest!
Your dryad calls out to the forest.
Vines fly forth from the trees!
Casting: Frozen Ramparts (safe; 1% risk of failure)
Confirm with . or Enter, or press ? or * to list all spells.
Your blood is freshly infused with primal strength!
The orc knight is waved at by a branch.
The orc high priest is waved at by a branch.
The wall freezes the orc knight!
The orc knight hits you from afar with a +0 bardiche!
The wall freezes the orc knight.
The orc knight roars a battlecry!
The orc knight goes into a battle-frenzy!
The wall freezes the orc knight!
The orc knight hits you with a +0 great sword!!!
You die...

##.## #### ∆∆ .)..
♣).)#... ∆)))).).#
#...#). ).♣)).#
♣#♣♣#o..♣# ###
#─w..o...♣ #.##
♣R@#)..## ...#
#.oo.).*## ...#
♣#..♣♣...# #..##
#♣♣.#....# #...#
#####...###...# ##.####
##..≈.#..##.♣.##
#...#.##
#..≈.........♣#
.......####≈..≈.#.##.#
........###.......##.##


You could see 3 orc knights, an orc high priest (strong), a friendly dryad
(summoned) and a friendly snaplasher vine.

Vanquished Creatures
  2 two-headed ogres
  A death yak (D:10)
  An orc knight (Orc:2)
  A deep elf pyromancer (D:9)
  Joseph (D:10)
  Maggie (D:9)
  Psyche (D:10)
  A kobold demonologist (D:9)
  A queen bee (D:9)
  2 trolls
  2 hornets
  Prince Ribbit (D:6)
  7 yaks (D:9)
  A wyvern (D:9)
  Eustachio (D:5)
  2 steam dragons (D:8)
  2 vampire mosquitoes (D:7)
  A warg (Orc:2)
  A water moccasin (D:6)
  8 orc warriors
  2 sky beasts
  2 black bears
  A hornet zombie (D:5)
  An ice beast (D:6)
  4 ogres (Orc:2)
  10 centaurs
  A phantom (D:5)
  A wyvern zombie (D:9)
  A gnoll sergeant (D:8)
  A bullfrog (D:9)
  3 water moccasin zombies
  2 scorpions
  27 killer bees
  12 wights
  6 centaur zombies
  3 bullfrog zombies (D:5)
  4 jellies
  4 hounds
  2 orc priests (D:6)
  A gnoll shaman (D:8)
  Ijyb (D:4)
  6 orc wizards
  3 iguanas
  3 killer bee zombies
  A hound zombie (D:5)
  2 howler monkey zombies
  9 adders
  11 gnolls
  A howler monkey skeleton (D:4)
  A shadow imp (D:5)
  A white imp (D:6)
  3 worms
  2 dart slugs
  22 orcs
  9 endoplasms
  4 giant cockroaches
  10 goblins
  5 hobgoblins
  15 kobolds
  6 quokkas
  5 ball pythons
  A bat (D:3)
  4 frilled lizards
  5 rats
256 creatures vanquished.

Vanquished Creatures (collateral kills)
  2 death yaks (D:10)
  An orc knight (Orc:2)
  An orc sorcerer (Orc:2)
  A warg (Orc:2)
  8 orc warriors (Orc:2)
  2 ogres (Orc:2)
  A centaur (D:10)
  15 orc priests (Orc:2)
  4 orc wizards
  2 hell rats (D:10)
  2 river rats (D:10)
  18 orcs
  2 quokkas (D:10)
  A rat (D:10)
60 creatures vanquished.

Vanquished Creatures (others)
  An orc (D:8)
  6 fungi (D:3)
  3 snaplasher vines (Orc:2)
  7 toadstools (D:3)
17 creatures vanquished.

Grand Total: 333 creatures vanquished

Notes
Turn   | Place    | Note
-------+----------+-------------------------------------------
     0 | D:1      | BOMJPIETVODKU the Gnoll Ice Elementalist began the quest
                  | for the Orb.
     0 | D:1      | Reached XP level 1. HP: 13/13 MP: 6/6
   210 | D:1      | Found a faded altar of an unknown god.
   616 | D:1      | Reached XP level 2. HP: 19/19 MP: 5/7
  1236 | D:2      | Reached XP level 3. HP: 24/25 MP: 7/9
  1274 | D:2      | Reached skill level 5 in Spellcasting
  1949 | D:2      | Reached skill level 1 in Invocations
  2058 | D:2      | Reached skill level 1 in Fighting
  2058 | D:2      | Reached skill level 1 in Short Blades
  2058 | D:2      | Reached skill level 1 in Long Blades
  2058 | D:2      | Reached skill level 1 in Axes
  2058 | D:2      | Reached skill level 1 in Maces & Flails
  2058 | D:2      | Reached skill level 1 in Polearms
  2058 | D:2      | Reached skill level 1 in Staves
  2058 | D:2      | Reached skill level 1 in Slings
  2058 | D:2      | Reached skill level 1 in Bows
  2058 | D:2      | Reached skill level 1 in Crossbows
  2058 | D:2      | Reached skill level 1 in Throwing
  2058 | D:2      | Reached skill level 1 in Armour
  2058 | D:2      | Reached skill level 1 in Shields
  2058 | D:2      | Reached skill level 1 in Unarmed Combat
  2058 | D:2      | Reached skill level 1 in Evocations
  2058 | D:2      | Reached XP level 4. HP: 27/32 MP: 4/11
  2147 | D:2      | Found a shimmering altar of Xom.
  2839 | D:3      | Reached skill level 1 in Conjurations
  2839 | D:3      | Reached skill level 1 in Hexes
  2839 | D:3      | Reached skill level 1 in Summonings
  2839 | D:3      | Reached skill level 1 in Necromancy
  2839 | D:3      | Reached skill level 1 in Translocations
  2839 | D:3      | Reached skill level 1 in Transmutations
  2839 | D:3      | Reached skill level 1 in Fire Magic
  2839 | D:3      | Reached skill level 1 in Air Magic
  2839 | D:3      | Reached skill level 1 in Earth Magic
  2839 | D:3      | Reached skill level 1 in Poison Magic
  3226 | D:3      | Reached XP level 5. HP: 36/37 MP: 6/12
  3516 | D:3      | Learned a level 3 spell: Frozen Ramparts
  3520 | D:3      | Learned a level 3 spell: Ozocubu's Armour
  3806 | D:3      | Found a shadowy altar of Dithmenos.
  4122 | D:4      | Reached XP level 6. HP: 43/44 MP: 6/13
  4417 | D:4      | Reached skill level 5 in Dodging
  4448 | D:4      | Noticed Ijyb
  4458 | D:4      | Killed Ijyb
  4474 | D:4      | Learned a level 2 spell: Wereblood
  4661 | D:5      | Entered Level 5 of the Dungeon
  5089 | D:5      | Reached XP level 7. HP: 32/50 MP: 11/15
  5434 | D:5      | Learned a level 2 spell: Slow
  5509 | D:5      | Noticed Eustachio
  5557 | D:4      | Identified 2 scrolls of acquirement
  5557 | D:4      | Acquired the +3 Elemental Staff {rElec rF++ rC++ Will++
                  | AC+5}
  5557 | D:4      | Found the +3 Elemental Staff {rElec rF++ rC++ Will++ AC+5}
  5647 | D:5      | Killed Eustachio
  5648 | D:5      | Reached skill level 5 in Stealth
  5664 | D:5      | Reached XP level 8. HP: 57/57 MP: 12/16
  6530 | D:6      | Reached XP level 9. HP: 58/65 MP: 15/18
  6695 | D:6      | Noticed Prince Ribbit
  6710 | D:6      | Killed Prince Ribbit
  6889 | D:6      | Reached skill level 8 in Ice Magic
  7364 | D:7      | Noticed a hornet
  7371 | D:7      | Killed a hornet
  7372 | D:7      | Reached skill level 5 in Invocations
  7527 | D:7      | Reached XP level 10. HP: 46/73 MP: 12/20
  7792 | D:7      | Reached skill level 5 in Fighting
  7792 | D:7      | Reached skill level 5 in Short Blades
  7792 | D:7      | Reached skill level 5 in Long Blades
  7792 | D:7      | Reached skill level 5 in Axes
  7792 | D:7      | Reached skill level 5 in Maces & Flails
  7792 | D:7      | Reached skill level 5 in Polearms
  7792 | D:7      | Reached skill level 5 in Staves
  7792 | D:7      | Reached skill level 5 in Slings
  7792 | D:7      | Reached skill level 5 in Bows
  7792 | D:7      | Reached skill level 5 in Crossbows
  7792 | D:7      | Reached skill level 5 in Throwing
  7792 | D:7      | Reached skill level 5 in Armour
  7792 | D:7      | Reached skill level 5 in Shields
  7792 | D:7      | Reached skill level 5 in Unarmed Combat
  7792 | D:7      | Reached skill level 5 in Evocations
  8526 | D:7      | Found a staircase to the Ecumenical Temple.
  8695 | Temple   | Entered the Ecumenical Temple
  8701 | Temple   | Became a worshipper of Cheibriados the Contemplative
  9191 | D:8      | Reached * piety under Cheibriados
  9380 | D:8      | Found an ornate altar of the Wu Jian Council.
  9380 | D:8      | Noticed a two-headed ogre
  9404 | D:8      | Killed a two-headed ogre
  9409 | D:8      | Found an ancient bone altar of Kikubaaqudgha.
  9875 | D:9      | Found Legef's Jewellery Shoppe.
  9895 | D:9      | Reached ** piety under Cheibriados
  9899 | D:9      | Reached XP level 11. HP: 78/81 MP: 15/22
  9922 | D:9      | Acquired 634 gold pieces
  9926 | D:9      | Bought the ring "Rusutrum" {Drain Will+ Int+4 Slay+4} for
                  | 1027 gold pieces
  9946 | D:9      | Noticed Maggie
  9956 | D:9      | Killed Maggie
 10058 | D:9      | Reached skill level 5 in Conjurations
 10058 | D:9      | Reached skill level 5 in Hexes
 10058 | D:9      | Reached skill level 5 in Summonings
 10058 | D:9      | Reached skill level 5 in Necromancy
 10058 | D:9      | Reached skill level 5 in Translocations
 10058 | D:9      | Reached skill level 5 in Transmutations
 10058 | D:9      | Reached skill level 5 in Fire Magic
 10058 | D:9      | Reached skill level 5 in Air Magic
 10058 | D:9      | Reached skill level 5 in Earth Magic
 10058 | D:9      | Reached skill level 5 in Poison Magic
 10084 | D:9      | Noticed a two-headed ogre
 10110 | D:9      | Killed a two-headed ogre
 10208 | D:9      | Learned a level 5 spell: Summon Forest
 10300 | D:9      | Reached *** piety under Cheibriados
 10804 | D:9      | Reached skill level 9 in Ice Magic
 10822 | D:9      | Noticed a deep elf pyromancer
 10831 | D:9      | Killed a deep elf pyromancer
 11041 | D:9      | Found a hazy altar of Hepliaklqana.
 11045 | D:9      | Found a hide-covered altar of Uskayaw.
 11048 | D:9      | Found a radiant altar of Vehumet.
 11120 | D:10     | Entered Level 10 of the Dungeon
 11120 | D:10     | Noticed a death yak
 11120 | D:10     | Noticed a death yak
 11121 | D:10     | Found a staircase to the Lair.
 11126 | D:10     | Noticed a death yak
 11127 | D:10     | Killed a death yak
 11130 | D:10     | Killed a death yak
 11136 | D:10     | Killed a death yak
 11196 | D:10     | Found a staircase to the Orcish Mines.
 11197 | D:10     | Noticed Psyche
 11208 | D:10     | Killed Psyche
 11244 | D:10     | Reached **** piety under Cheibriados
 11405 | D:10     | Noticed Joseph
 11417 | D:10     | Killed Joseph
 11655 | D:10     | Found Hitin's Antique Weapon Shoppe.
 11775 | Orc:1    | Entered Level 1 of the Orcish Mines
 12023 | Orc:1    | Found Yboopawne's Distillery.
 12032 | Orc:1    | Bought a potion of magic for 120 gold pieces
 12032 | Orc:1    | Bought a potion of heal wounds for 75 gold pieces
 12105 | Orc:2    | Entered Level 2 of the Orcish Mines
 12105 | Orc:2    | Found a staircase to the Elven Halls.
 12114 | Orc:2    | Reached XP level 12. HP: 89/89 MP: 14/24
 12268 | Orc:2    | Reached ***** piety under Cheibriados
 12752 | Orc:2    | Found Adusuc's Antique Armour Shop.
 13433 | Orc:2    | Noticed an orc high priest
 13436 | Orc:2    | Slain by an orc knight

Illustrated notes

Levels and vault maps discovered:
D:1:      dpeg_arrival_windows_large_door, layout_basic, basic_ecumenical_altar
D:2:      layout_basic, basic_altar, minmay_quantized
D:3:      cheibrodos_fertilizer, layout_rooms, amcnicky_altar_gilded,
          serial_rivers, chequers_serial_rivers_large_a,
          chequers_serial_rivers_room_a, chequers_serial_rivers_micro_c,
          chequers_serial_rivers_room_b, chequers_serial_rivers_micro_a
D:4:      layout_basic, uniq_ijyb
D:5:      layout_rooms, serial_undead, serial_undead_d, serial_undead_e,
          serial_undead_d, serial_undead_e, serial_undead_f,
          chequers_serial_rivers_small_b, nicolae_zen_rock_garden,
          uniq_eustachio
D:6:      nicolae_whirlpool, layout_cave_pools, uniq_prince_ribbit1
D:7:      layout_loops_corners, lemuel_temple_firewalk_b
D:8:      layout_cave_pools, jmf_multi_god_temple
D:9:      layout_loops_corners, grunt_temple_overflow_diamond, serial_shops,
          nicolae_stop_n_shop_1, special_room [special_room_bee],
          wad_rectangle_vault, uniq_maggie
D:10:     layout_rooms, dpeg_lair_monsters, serial_shops, kennysheep_mini_moat,
          uniq_joseph, uniq_psyche
Temple:   eino_temple_rhombus
Orc:1:    layout_caves, serial_shops, shop
Orc:2:    st_orc_pillars, layout_caves, serial_shops, nicolae_diamond_shop

Skill      XL: |  1  2  3  4  5  6  7  8  9 10 11 12 |
---------------+-------------------------------------+-----
Spellcasting   | 5 6 7 8 |  8.8
Invocations    | 1 2 3 4 5 6 7 |  7.8
Fighting       | 1 2 3 4 5 6 7 |  7.1
Short Blades   | 1 2 3 4 5 6 7 |  7.1
Long Blades    | 1 2 3 4 5 6 7 |  7.1
Axes           | 1 2 3 4 5 6 7 |  7.1
Maces & Flails | 1 2 3 4 5 6 7 |  7.1
Polearms       | 1 2 3 4 5 6 7 |  7.1
Staves         | 1 2 3 4 5 6 7 |  7.1
Slings         | 1 2 3 4 5 6 7 |  7.1
Bows           | 1 2 3 4 5 6 7 |  7.1
Crossbows      | 1 2 3 4 5 6 7 |  7.1
Throwing       | 1 2 3 4 5 6 7 |  7.1
Armour         | 1 2 3 4 5 6 7 |  7.1
Shields        | 1 2 3 4 5 6 7 |  7.1
Unarmed Combat | 1 2 3 4 5 6 7 |  7.1
Evocations     | 1 2 3 4 5 6 7 |  7.1
Conjurations   | 1 2 3 4 5 |  5.9
Hexes          | 1 2 3 4 5 |  5.9
Summonings     | 1 2 3 4 5 |  5.9
Necromancy     | 1 2 3 4 5 |  5.9
Translocations | 1 2 3 4 5 |  5.9
Transmutations | 1 2 3 4 5 |  5.9
Fire Magic     | 1 2 3 4 5 |  5.9
Air Magic      | 1 2 3 4 5 |  5.9
Earth Magic    | 1 2 3 4 5 |  5.9
Poison Magic   | 1 2 3 4 5 |  5.9
Dodging        | 5 6 7 8 |  8.5
Stealth        | 5 6 7 8 |  8.3
Ice Magic      | 8 9 |  9.3

Action                   |  1- 3 |  4- 6 |  7- 9 | 10-12 || total
-------------------------+-------+-------+-------+-------++-------
Melee: Unarmed           |    19 |       |       |       ||    19
       Dagger            |     5 |       |       |       ||     5
       Short sword       |    15 |    78 |    40 |       ||   133
       Bite              |     1 |     5 |    14 |    32 ||    52
       Punch             |       |     1 |     6 |     5 ||    12
       Staff             |       |       |   150 |   250 ||   400
Throw: Dart              |    16 |       |    25 |    22 ||    63
 Cast: Freeze            |    43 |    69 |     9 |     6 ||   127
       Frozen Ramparts   |       |     9 |    13 |    24 ||    46
       Ozocubu's Armour  |       |     4 |    12 |    26 ||    42
       Wereblood         |       |       |     4 |    22 ||    26
       Slow              |       |       |     1 |     2 ||     3
       Summon Forest     |       |       |       |    14 ||    14
Evoke: Wand              |       |       |    12 |     1 ||    13
  Use: Scroll            |       |       |    14 |     9 ||    23
       Potion            |       |       |       |     5 ||     5
 Stab: Sleeping          |     1 |       |     1 |     8 ||    10
       Invisible         |       |       |       |     2 ||     2
       Distracted        |       |       |       |     1 ||     1
Armor: Robe              |    12 |    47 |   114 |    23 ||   196
       Steam dragon scal |       |       |       |   162 ||   162
Dodge: Dodged            |    45 |   117 |   165 |   362 ||   689
